 Dungeon Sprint DCSS version 0.30-a0-948-g4fa250aae5 (webtiles) character file.

Game seed: 1045615224536227091

1500 fozzywoppz the Severer (level 8, -11/82 HPs)
             Began as a Minotaur Fighter on Mar 27, 2023.
             Was a Priest of Okawaru.
             Shot with a bolt by a tengu warrior (20 damage)
             ... in the Dungeon (Sprint IX: "|||||||||||||||||||||||||||||").
             The game lasted 00:02:54 (226 turns).

fozzywoppz the Severer (Minotaur Fighter)            Turns: 226, Time: 00:02:55

Health: -11/82     AC: 13    Str: 22    XL:     8   Next: 52%
Magic:  7/10       EV:  9    Int: 11    God:    Okawaru [***...]
Gold:   0          SH:  5    Dex: 11    Spells: 7/7 levels left

rFire   . . .      SeeInvis .    b - +1 broad axe (heavy)
rCold   . . .      Faith    .    c - +0 buckler
rNeg    . . .      Spirit   .    p - +1 chain mail
rPois   .          Reflect  .    (helmet restricted)
rElec   .          Rampage  .    (no cloak)
rCorr   .          NoTele   +    (no gloves)
Will    .....                    q - +0 pair of boots Stlth
                                 (no amulet)
HPRegen 0.33/turn                n - +3 ring of intelligence
MPRegen 0.12/turn                o - +3 ring of intelligence

@: mighty, hasted (expiring), very quick
A: horns 2, retaliatory headbutt
a: Renounce Religion, Heroism


You were in the Dungeon.
You worshipped Okawaru.
Okawaru was most pleased with you.
You visited 1 branch

Inventory:

Hand Weapons
 b - a +1 heavy broad axe (weapon)
Armour
 c - a +0 buckler (worn)
 p - a +1 chain mail (worn)
 q - a +0 pair of boots (worn)
Jewellery
 n - a +3 ring of intelligence (left hand)
 o - a +3 ring of intelligence (right hand)
Wands
 m - a wand of roots (9)
Scrolls
 j - 2 scrolls of blinking
 l - 2 scrolls of amnesia
Potions
 e - 5 potions of curing
 f - a potion of invisibility
 h - 4 potions of magic
 i - a potion of berserk rage


   Skills:
 + Level 11.2 Fighting
 - Level 16.0 Axes
 - Level 8.0 Armour
 + Level 4.4 Dodging
 - Level 8.0 Shields
 + Level 4.1 Invocations


You had 7 spell levels left.
You didn't know any spells.
Your spell library was empty.

Dungeon Overview and Level Annotations

Branches:
Dungeon (1/1)

Altars:
Cheibriados
Dithmenos
Elyvilon
Fedhas
Gozag
Hepliaklqana
Kikubaaqudgha
Makhleb
Nemelex Xobeh
Okawaru
Qazlal
Ru
Sif Muna
Trog
Uskayaw
Vehumet
Wu Jian
Xom
Yredelemnul
Zin
The Shining One
Jiyva
Lugonu


Innate Abilities, Weirdness & Mutations

You have a pair of horns on your head.
You reflexively headbutt those who attack you in melee.


Message History

Your Invocations skill gained 2 levels and is now at level 2!
You feel much better.
You close the door, pushing everything out of the way.
A meliai opens the door.
You open the meliai like a pillowcase!!!
You kill the meliai!
Okawaru is honoured by your kill.
Okawaru will now gift you throwing weapons as you gain piety.
Your extra speed is starting to run out.
Your Fighting skill increases to level 11!
Your Dodging skill increases to level 4!
Your Invocations skill gained 2 levels and is now at level 4!
Aiming: Fastroot
Press: ? - help, Shift-Dir - straight line, f - purple ugly thing
Aim: a purple ugly thing The roots erupt in riotous growth!
Roots grab the purple ugly thing.
Roots grab the tengu warrior.
The grasping roots constrict the tengu warrior.
The grasping roots constrict the purple ugly thing.
The purple ugly thing struggles to escape constriction.
The grasping roots constrict the tengu warrior.
The grasping roots constrict the purple ugly thing.
The roots release their grip on the tengu warrior.
The roots release their grip on the purple ugly thing.
The purple ugly thing tentacle-slaps you!
* * * LOW HITPOINT WARNING * * *
There is an open door here.
Things that are here:
a +0 war axe; a +0 leather armour; a meliai corpse You slice the purple ugly thing!!
The purple ugly thing is heavily wounded.
The purple ugly thing tentacle-slaps you!
* * * LOW HITPOINT WARNING * * *
You chop the purple ugly thing into pieces!!!
You kill the purple ugly thing!
Okawaru is honoured by your kill.
The tengu warrior unwields a +0 dire flail.
The tengu warrior wields a +0 arbalest.
The tengu warrior shoots a bolt.
The bolt hits you!!
You die... ▓▓▓▓▓▓▓▓▓▓▓▓▓▓▓▓▓▓▓▓▓▓▓▓ +...HQ)@......[...[[)).. ▓▓▓▓▓▓▓▓▓▓▓▓▓▓▓▓▓▓▓▓▓▓▓▓

You could see a tengu warrior and a manticore.

Vanquished Creatures
  An ugly thing (D)
  An efreet (D)
  A meliai (D)
  A troll (D)
  A hornet (D)
  2 yaks (D)
  A vampire mosquito (D)
  A black bear (D)
  A kobold brigand (D)
  A wight (D)
  A shadow imp (D)
  A dart slug (D)
  2 orcs (D)
  A ball python (D)
  2 goblins (D)
  A hobgoblin (D)
  A frilled lizard (D)
20 creatures vanquished.

Notes
Turn   | Place    | Note
-------+----------+-------------------------------------------
     0 | D        | fozzywoppz the Minotaur Fighter began the quest for the
                  | Orb.
     0 | D        | Reached XP level 1. HP: 19/19 MP: 0/0
     6 | D        | Banished a spatial maelstrom
    11 | D        | Reached skill level 3 in Axes
    22 | D        | Noticed a black bear
    26 | D        | Reached XP level 2. HP: 25/28 MP: 1/1
    45 | D        | Killed a black bear
    46 | D        | Reached skill level 5 in Axes
    46 | D        | Reached XP level 3. HP: 25/38 MP: 2/2
    46 | D        | Reached XP level 4. HP: 30/45 MP: 3/3
    49 | D        | Reached skill level 6 in Axes
   104 | D        | Found a snail-covered altar of Cheibriados.
   104 | D        | Found a shadowy altar of Dithmenos.
   104 | D        | Found a white marble altar of Elyvilon.
   104 | D        | Found a blossoming altar of Fedhas.
   104 | D        | Found an opulent altar of Gozag.
   105 | D        | Found a hazy altar of Hepliaklqana.
   106 | D        | Found a viscous altar of Jiyva.
   107 | D        | Found an ancient bone altar of Kikubaaqudgha.
   108 | D        | Found a corrupted altar of Lugonu.
   109 | D        | Found a burning altar of Makhleb.
   110 | D        | Found a sparkling altar of Nemelex Xobeh.
   111 | D        | Found an iron altar of Okawaru.
   112 | D        | Found a stormy altar of Qazlal.
   113 | D        | Found a sacrificial altar of Ru.
   114 | D        | Found a shimmering blue altar of Sif Muna.
   117 | D        | Found a bloodstained altar of Trog.
   118 | D        | Found a hide-covered altar of Uskayaw.
   119 | D        | Found a radiant altar of Vehumet.
   120 | D        | Found an ornate altar of the Wu Jian Council.
   121 | D        | Became a worshipper of Warmaster Okawaru
   122 | D        | Found a shimmering altar of Xom.
   123 | D        | Found a basalt altar of Yredelemnul.
   124 | D        | Found a glowing silver altar of Zin.
   125 | D        | Found a glowing golden altar of the Shining One.
   185 | D        | Noticed a hornet
   185 | D        | Noticed a troll
   185 | D        | Noticed a kobold brigand
   185 | D        | Noticed a yak
   185 | D        | Noticed a yak
   191 | D        | Reached XP level 5. HP: 32/52 MP: 4/4
   193 | D        | Killed a yak
   194 | D        | Reached skill level 8 in Axes
   194 | D        | Reached XP level 6. HP: 31/64 MP: 5/5
   195 | D        | Killed a yak
   196 | D        | Reached skill level 10 in Fighting
   196 | D        | Reached skill level 11 in Axes
   196 | D        | Reached * piety under Okawaru
   197 | D        | Reached skill level 12 in Axes
   197 | D        | Reached XP level 7. HP: 36/72 MP: 6/6
   197 | D        | Killed a troll
   198 | D        | Reached skill level 14 in Axes
   200 | D        | Killed a hornet
   200 | D        | Reached ** piety under Okawaru
   201 | D        | Reached skill level 15 in Axes
   209 | D        | Noticed a manticore
   209 | D        | Noticed a tengu warrior
   209 | D        | Noticed a purple ugly thing
   209 | D        | Noticed a meliai
   209 | D        | Noticed an efreet
   209 | D        | Noticed a vampire mosquito
   213 | D        | Killed a vampire mosquito
   214 | D        | Reached XP level 8. HP: 73/79 MP: 7/7
   218 | D        | Killed an efreet
   219 | D        | Reached skill level 16 in Axes
   222 | D        | Killed a meliai
   222 | D        | Reached *** piety under Okawaru
   226 | D        | Killed a purple ugly thing
   226 | D        | Shot with a bolt by a tengu warrior

Illustrated notes

Levels and vault maps discovered:
D:        linesprint [early_d, line_temple, items_1, d_10, items_2, lair_1,
          lair_end, items_3, orc_1, orc_end, items_4, d_15, swamp_1, shoals_1,
          snake_1, spider_1, d_20, vaults_1, items_5, swamp_end, shoals_end,
          snake_end, spider_end, vaults_end, d_27, items_6, zot_1, zot_end,
          crypt_end, forest_end, elf_end, slime_end, tomb_end, abyss_end,
          pan_hell_end]

Skill      XL: |  1  2  3  4  5  6  7  8 |
---------------+-------------------------+-----
Fighting       | 4 6 7 9 10 11 | 11.2
Armour         | 4 6 7 8 |  8.0
Shields        | 4 6 7 8 |  8.0
Axes           | 3 5 6 8 12 15 16 | 16.0
Dodging        | 4 |  4.4
Invocations    | 4 |  4.1

Action                     |  1- 3 |  4- 6 |  7- 9 || total
---------------------------+-------+-------+-------++-------
  Melee: War axe           |    20 |     5 |       ||    25
         Headbutt          |     2 |     2 |     1 ||     5
         Broad axe         |       |     9 |    16 ||    25
  Evoke: Wand              |       |       |     1 ||     1
    Use: Potion            |     1 |     2 |     2 ||     5
 Armour: Scale mail        |    12 |       |       ||    12
         Chain mail        |       |     4 |     2 ||     6
  Dodge: Dodged            |    11 |     4 |     2 ||    17
  Block: Buckler           |     3 |     2 |     3 ||     8

Table legend: (Time is in decaauts)
 A = Elapsed time spent in this place.
 B = Non-inter-level travel time spent in this place.
 C = Inter-level travel time spent in this place.
 D = Time resting spent in this place.
 E = Time spent auto-exploring this place.
 F = Levels seen in this place.
 G = Mean time per level.
                   A        B        C        D        E       F      G
               +--------+--------+--------+--------+--------+-----+--------+
         Total |    229 |    229 |      0 |     45 |      0 |   1 |  229.0 |
       Dungeon |    229 |    229 |      0 |     45 |      0 |   1 |  229.0 |
               +--------+--------+--------+--------+--------+-----+--------+

Top non-repeatable levels by time:
       D: 229 daAuts
